cohdb
Replays
Latest Replays
All Replays
Popular Replays
Top Player Replays
Match Explorer
How It Works
Community
CoH3 Stats
Reddit
Sign in to upload your games and track your stats! →
Sign in with Steam
Match 42655426
Unlisted
Match 42655426
Overview
Messages
Build Orders
End
Kradschützen Motorcycle Team
Panzergrenadier Squad
250 Light Carrier
Panzergrenadier Squad
Panzergrenadier Squad
Construct Light Support Kompanie
Fire Support Elements
le.IG 18 Mechanized Group
2.5-tonne Medical Truck
Flakvierling Half-track
Flakvierling Half-track
Assault Mechanized Group
Vehicle Survival Package
Kradschützen Motorcycle Team
Selects Italian Infantry
Selects Italian Infantry
Selects Guastatori Squad
Selects Registered Artillery
Selects Towed Cannone da 105/28 Field Howitzer
Guastatori Squad
Brother
Ichthyosauria
0
0
Comments
sign in to comment!
No comments posted yet!